 Dungeon Crawl Stone Soup version 0.30.1-4-g462c640d31 (webtiles) character file.

Game seed: 15692973454020940046

273189 growler the Cloud Mage (level 20, -2/125 HPs)
             Began as a Tengu Air Elementalist on Sept 11, 2023.
             Was the Champion of Hepliaklqana.
             Killed from afar by a lich (42 damage)
             ... with a bolt of cold
             ... on level 1 of the Vaults.
             The game lasted 02:44:17 (61266 turns).

growler the Cloud Mage (Tengu Air Elementalist)    Turns: 61266, Time: 02:44:18

Health: -2/125     AC: 13    Str:  9    XL:     20   Next: 28%
Magic:  5/34       EV: 24    Int: 25    God:    Hepliaklqana [******]
Gold:   668        SH: 19    Dex: 21    Spells: 4/38 levels left

rFire   . . .        e - +3 dagger (vamp)
rCold   . . .        w - +1 kite shield
rNeg    + . .        S - +2 robe {Will+}
rPois   .            (helmet restricted)
rElec   .            f - +1 cloak {rCorr}
rCorr   +            q - +2 pair of gloves
SInv    +            (boots unavailable)
Will    ++...        E - amulet of reflection
Stlth   ++++         V - ring "Vofaan" {rN+ Int+3 Dex+4 SInv}
HPRegen 0.40/turn    F - +4 ring of protection
MPRegen 0.24/turn

%: reflection
@: flying quickly and evasively, hasted and slowed, quick
A: reduced essence, beak, talons 3, nimble flight
}: 2/15 runes: decaying, serpentine
a: Renounce Religion, Recall Ancestor, Ancestor Identity, Transference, Idealise


You were on level 1 of the Vaults.
You worshipped Hepliaklqana.
Hepliaklqana was exalted by your worship.
You visited 6 branches of the dungeon, and saw 31 of its levels.
You also visited: Sewer and Ice Cave.

You collected 3340 gold pieces.
You spent 2672 gold pieces at shops.

Inventory:

Hand Weapons
 e - a +3 vampiric dagger (weapon)
Missiles
 H - 6 throwing nets
Armour
 f - a +1 cloak of preservation (worn)
 q - a +2 pair of gloves (worn)
 w - a +1 kite shield (worn)
 Q - a +0 buckler of cold resistance
 S - a +2 robe of willpower (worn)
Magical Staves
 W - a staff of air
Jewellery
 o - an amulet of guardian spirit
 C - a ring of protection from cold
 E - an amulet of reflection (around neck)
 F - a +4 ring of protection (right hand)
 I - a ring of wizardry
 V - the ring "Vofaan" (left hand) {rN+ Int+3 Dex+4 SInv}
   (You found it on level 12 of the Dungeon)

   [ring of positive energy]

   Int:       It affects your intelligence (+3).
   Dex:       It affects your dexterity (+4).
   rN:        It protects you from negative energy.
   SInv:      It lets you see invisible.
Wands
 a - a wand of charming (13)
 y - a wand of iceblast (25)
 G - a wand of mindburst (17)
 J - a wand of acid (15)
 L - a wand of digging (7)
 N - a wand of flame (10)
 Z - a wand of polymorph (3)
Scrolls
 g - 4 scrolls of poison
 h - 9 scrolls of immolation
 l - 8 scrolls of teleportation
 m - 23 scrolls of identify
 p - a scroll of blinking
 s - 4 scrolls of enchant armour
 t - 3 scrolls of fog
 u - 3 scrolls of enchant weapon
 v - 6 scrolls of fear
 x - 2 scrolls of brand weapon
 D - 6 scrolls of vulnerability
 K - 3 scrolls of silence
 M - 4 scrolls of magic mapping
 O - 2 scrolls of amnesia
 X - a scroll of torment {unknown}
Potions
 b - 2 potions of magic
 c - 11 potions of heal wounds
 d - 5 potions of resistance
 i - 15 potions of curing
 j - 5 potions of might
 k - 4 potions of mutation
 n - 3 potions of berserk rage
 r - 2 potions of invisibility
 z - 4 potions of cancellation
 A - a potion of brilliance
 B - 7 potions of lignification
 P - a potion of ambrosia
 R - 6 potions of attraction
 U - 3 potions of haste
Miscellaneous
 T - a phial of floods


   Skills:
 + Level 19.0 Fighting
 - Level 8.0 Short Blades
 + Level 12.6 Dodging
 - Level 9.0 Stealth
 + Level 10.5 Shields
 + Level 9.5 Spellcasting
 - Level 11.0 Conjurations
 - Level 8.0 Fire Magic
 + Level 24.0 Air Magic


You had 4 spell levels left.
You knew the following spells:

 Your Spells              Type           Power      Damage    Failure   Level
a - Shock                 Conj/Air       100%       1d9       0%          1
b - Static Discharge      Conj/Air       100%       2-7/arc   1%          2
c - Swiftness             Air            93%        N/A       0%          3
d - Airstrike             Air            46%        2d(7-23)  0%          4
e - Arcjolt               Conj/Air       39%        1d49      1%          5
f - Freezing Cloud        Conj/Ice/Air   31%        6-21      3%          5
g - Maxwell's Capacitive  Air            46%        ∞         5%          8
h - Plasma Beam           Fire/Air       37%        2x1d56    3%          6

Your spell library contained the following spells:

 Spells                   Type           Power      Damage    Failure   Level
 Cigotuvi's Dreadful Rot  Necr/Pois/Air  100%       N/A       1%          2
 Poisonous Vapours        Pois/Air       100%       N/A       1%          2
 Vhi's Electric Charge    Tloc/Air       100%       N/A       1%          3
 Dazzling Flash           Conj/Hex       78%        N/A       4%          3
 Volatile Blastmotes      Fire/Tloc      62%        2d15      10%         3
 Apportation              Tloc           22%        N/A       16%         1
 Beastly Appendage        Tmut           22%        N/A       16%         1
 Necrotise                Necr           44%        1d6       16%         1
 Slow                     Hex            44%        N/A       16%         1
 Summon Small Mammal      Summ           44%        N/A       16%         1
 Fulminant Prism          Conj/Hex       19%        3d10      16%         4
 Iskenderun's Mystic Bla  Conj/Tloc      39%        2d9       16%         4
 Ensorcelled Hibernation  Hex/Ice        22%        N/A       24%         2
 Passwall                 Tmut/Erth      9%         N/A       24%         2
 Sublimation of Blood     Necr           11%        N/A       24%         2
 Ozocubu's Armour         Ice            11%        N/A       43%         3
 Tukima's Dance           Hex            11%        N/A       43%         3
 Dispel Undead            Necr           11%        3d9       85%         4
 Ice Form                 Ice/Tmut       11%        N/A       85%         4
 Passage of Golubria      Tloc           11%        N/A       85%         4
 Petrify                  Tmut/Erth      11%        N/A       85%         4
 Conjure Ball Lightning   Conj/Air       39%        3x3d13    1%          6
 Silence                  Hex/Air        32%        N/A       3%          5
 Irradiate                Conj/Tmut      19%        3d18      41%         5
 Starburst                Conj/Fire      28%        6d9       43%         6
 Metabolic Englaciation   Hex/Ice        5%         N/A       99%         5
 Yara's Violent Unravell  Hex/Tmut       5%         3d4       99%         5
 Death Channel            Necr           5%         N/A       100%        6
 Simulacrum               Ice/Necr       5%         N/A       100%        6
 Statue Form              Tmut/Erth      7%         N/A       100%        6
 Ignition                 Fire           25%        3d9       100%        8
 Lehudib's Crystal Spear  Conj/Erth      19%        10d6      100%        8
 Fire Storm               Conj/Fire      28%        8d7       100%        9


Dungeon Overview and Level Annotations

Branches:
Dungeon (15/15)            Temple (0/1) D:4            Lair (5/5) D:11
  Swamp (4/4) Lair:2        Snake (4/4) Lair:3        Slime (0/5) Lair:5
    Orc (2/2) D:9             Elf (0/3) Orc:2        Vaults (1/5) D:13
 Depths (0/4) D:15          Sewer (visited)           IceCv (visited)

Altars:
Cheibriados
Dithmenos
Gozag
Hepliaklqana
Kikubaaqudgha
Nemelex Xobeh
Okawaru
Ru
Xom
Zin
The Shining One
Jiyva

Shops:
D:5 :   D:10 (?   D:14 (   Orc:2 [*[::*([:   Snake:1 =   Snake:4 [?

Portals:
Abyss: Swamp:2

Annotations:
Swamp:2 2 transporters, turdburglar's ghost, adept DrEE
Swamp:4 2 transporters, Buem's ghost, adept OgHs
Orc:2 3 runed translucent doors, bronco's ghost, journeyman FoEE


Innate Abilities, Weirdness & Mutations

Your life essence is reduced to manifest your ancestor. (-10% HP)
You have a beak for a mouth.
You have claws for feet.
Your magical nature lets you fly swiftly and evasively.


Message History

* * * LOW HITPOINT WARNING * * *
Select a target.
Press: ? - help, Dir - move target, f - lich, p - ironbound frostheart
Aim: a lich (moderately damaged, fast)
The floor.
The lich swaps with Reggie B.!
Reggie B. mumbles some strange words.
The ironbound frostheart appears confused.
Reggie B. hits the ironbound frostheart but does no damage.
Reggie B. gestures at the ironbound frostheart while chanting.
The ironbound frostheart resists with some effort.
The lich casts a spell.
The lich flickers and vanishes for a moment.
The ironbound frostheart touches the lich but does no damage.
Reggie B. hits the ironbound frostheart with a +0 dagger of draining.
Reggie B. hits the ironbound frostheart with a +0 dagger of draining!
Reggie B. drains the ironbound frostheart.
The ironbound frostheart misses Reggie B..
Reggie B. hits the ironbound frostheart with a +0 dagger of draining.
Reggie B. drains the ironbound frostheart.
The ironbound frostheart dies!
Reggie B. hits the lich with a +0 dagger of draining.
The lich casts a spell at you.
Reggie B. easily resists.
Reggie B. barely misses the lich.
Reggie B. hits the lich but does no damage.
Reggie B. closely misses the lich.
The lich touches Reggie B. but does no damage.
Reggie B. hits the lich with a +0 dagger of draining.
Reggie B. hits the lich but does no damage.
The lich touches Reggie B.!
Reggie B. hits the lich with a +0 dagger of draining.
Reggie B. hits the lich but does no damage.
The lich touches Reggie B.!
Reggie B. hits the lich with a +0 dagger of draining.
Reggie B. hits the lich with a +0 dagger of draining.
You fail to use your ability.
The lich gestures at you while chanting.
The bolt of cold hits you!!!
You die...

#################################
.................................
.................................
.............................§...
......................).......[..
.....................LR..........
###########...........)........§.
#....#....#.....@................
#....#....#..................))..
#....#....#.....#'############.).
....##...##.....#............#...
....#....#......#............#.[.
)..##....#......#............#...
..##....##......#............#...
.##.....#.......#............#...
##.....##.......+............#...


You could see the friendly Reggie B. the hexer (fast) and a lich (fast,
invisible, ally target).

Vanquished Creatures
  Rupert (Orc:2)
  A sphinx (Vaults:1)
  4 thorn hunters
  Agnes (D:14)
  A nagaraja (Snake:3)
  A fire giant (Vaults:1)
  4 vault wardens (Vaults:1)
  An orc warlord (Orc:2)
  5 ironbound preservers (Vaults:1)
  A very ugly thing (Vaults:1)
  An ironbound thunderhulk (Vaults:1)
  Nessos (Lair:3)
  An eleionoma (Swamp:3)
  7 bunyips
  Josephine (Orc:1)
  A deep elf high priest (Vaults:1)
  A vault guard (D:13)
  21 hydras
  3 salamander tyrants (Snake:4)
  Fannar (D:12)
  Erolcha (Orc:1)
  9 centaur warriors
  2 ghost crabs
  2 ironbound frosthearts (Vaults:1)
  14 anacondas
  2 catoblepae
  3 two-headed ogres
  6 death yaks (Lair:5)
  3 boulder beetles
  7 naga warriors
  4 alligators
  11 shock serpents
  An orc high priest (Orc:2)
  13 naga sharpshooters
  Urug (D:11)
  2 spriggan berserkers (Swamp:4)
  7 salamander mystics (Snake:4)
  5 skeletal warriors
  3 goliath frogs (Swamp:1)
  2 deep trolls (Vaults:1)
  A glowing orange brain (Vaults:1)
  A flayed ghost (D:15)
  3 spriggan druids
  A wizard (Vaults:1)
  12 swamp dragons
  10 bog bodies
  Pikel (D:9)
  5 ironbound convokers (Vaults:1)
  3 lindwurms (Snake:4)
  A deep elf pyromancer (D:15)
  2 necromancers
  10 naga ritualists
  9 mana vipers
  4 orc knights (Orc:2)
  13 salamanders
  2 orc sorcerers (Orc:2)
  3 manticores
  7 cyclopes
  A will-o-the-wisp (Swamp:4)
  12 ugly things
  A moth of wrath (shapeshifter) (D:13)
  4 elephants (Lair:5)
  An iron dragon skeleton (D:15)
  6 guardian serpents
  4 vault sentinels (Vaults:1)
  An ice statue (IceCv)
  35 black mambas
  A gargoyle (D:12)
  9 naga magi
  11 cane toads
  6 rime drakes
  3 freezing wraiths (IceCv)
  An unseen horror (D:13)
  An efreet (D:15)
  3 komodo dragons
  4 yaktaurs (Vaults:1)
  8 ice devils (IceCv)
  An anaconda simulacrum (IceCv)
  A polar bear (Lair:4)
  A bloated husk (Swamp:3)
  7 hornets
  9 trolls
  6 tyrant leeches
  A spriggan zombie (D:15)
  Prince Ribbit (D:5)
  14 blink frogs
  16 slime creatures
  5 spriggans
  A shadow (D:9)
  3 wraiths (Orc:1)
  A vampire (D:13)
  A yak (shapeshifter) (D:13)
  4 wyverns
  43 yaks
  2 dire elephant simulacra (IceCv)
  A basilisk (shapeshifter) (D:15)
  4 basilisks
  2 vampire mosquitoes (D:10)
  4 death yak simulacra (IceCv)
  A harpy simulacrum (IceCv)
  A glowing shapeshifter zombie (D:15)
  Menkaure (D:4)
  31 nagas
  3 acid dragons
  A human zombie (D:15)
  A hydra simulacrum (IceCv)
  4 wargs
  22 swamp worms
  14 water moccasins
  9 swamp drakes
  4 black bears
  An ice beast (D:6)
  19 orc warriors
  2 sky beasts
  5 ogres
  4 wolves (Lair:3)
  12 centaurs
  3 phantoms
  2 kobold brigands
  5 bullfrogs
  4 necrophages (Lair:4)
  2 two-headed ogre simulacra (IceCv)
  2 scorpions
  5 cane toad simulacra (IceCv)
  4 wights (D:9)
  3 hexers
  2 troll zombies (D:9)
  A killer bee (D:11)
  An elephant simulacrum (IceCv)
  11 electric eels
  2 howler monkeys (D:9)
  A hound (D:7)
  A gnoll bouda (D:8)
  11 orc priests
  3 jellies
  13 orc wizards
  A sleepcap (D:4)
  4 iguanas
  3 polar bear simulacra (IceCv)
  2 spriggan simulacra (IceCv)
  3 wolf simulacra (IceCv)
  A troll simulacrum (IceCv)
  4 ogre zombies (D:9)
  3 gnolls (D:8)
  A river rat (D:3)
  6 adders
  2 shadow imps
  2 ufetubi (D:5)
  A worm (D:3)
  6 dart slugs
  39 orcs
  8 ball pythons
  11 endoplasms
  7 giant cockroaches
  7 goblins
  4 hobgoblins
  6 jackals
  2 quokkas (D:1)
  3 training dummies (D:14)
  9 bats
  2 frilled lizards (D:2)
  A goblin zombie (D:9)
  2 hobgoblin skeletons (D:9)
  A hobgoblin zombie (D:9)
  21 kobolds
  2 orc skeletons (D:9)
  9 orc zombies (D:9)
  5 rats
873 creatures vanquished.

Vanquished Creatures (collateral kills)
  Nikola (Swamp:1)
  A tengu reaver (Vaults:1)
  Roxanne (Snake:3)
  A bunyip (Swamp:3)
  An ettin (Vaults:1)
  A yaktaur captain (Vaults:1)
  A shambling mangrove (Swamp:3)
  2 hydras (Swamp:4)
  2 salamander tyrants (Snake:4)
  3 catoblepae (Lair:5)
  An ironbound frostheart (Vaults:1)
  3 anacondas
  A two-headed ogre (D:12)
  A centaur warrior (D:14)
  An ogre mage (D:12)
  A death yak (Lair:5)
  8 naga warriors
  A shock serpent (Snake:4)
  2 salamander mystics
  A skeletal warrior (D:15)
  3 deep trolls (Vaults:1)
  3 ironbound convokers (Vaults:1)
  2 naga ritualists
  2 orc knights (Orc:2)
  A lindwurm (Vaults:1)
  2 orc sorcerers
  4 mana vipers
  6 salamanders (Snake:4)
  3 ugly things (D:15)
  A cyclops (D:12)
  An elephant (Lair:5)
  2 guardian serpents (Snake:4)
  8 black mambas
  3 naga magi
  A cane toad (Lair:1)
  A komodo dragon (Lair:1)
  2 yaktaurs
  An anaconda simulacrum (IceCv)
  3 ice devils (IceCv)
  3 freezing wraiths
  3 trolls
  6 blink frogs
  3 slime creatures
  4 spriggans (Swamp:3)
  A shadow (D:9)
  15 yaks
  3 vampire mosquitoes (D:11)
  A death yak simulacrum (IceCv)
  13 nagas
  A warg (Orc:2)
  A harpy simulacrum (IceCv)
  An ice beast (D:7)
  2 swamp drakes (Swamp:4)
  An ogre (Orc:2)
  2 wolves (Lair:3)
  A centaur (D:10)
  A phantom (D:7)
  A kobold brigand (D:7)
  A bullfrog (Lair:1)
  A necrophage (Lair:4)
  2 cane toad simulacra (IceCv)
  A scorpion (D:6)
  A wight (D:9)
  An elephant simulacrum (IceCv)
  A howler monkey (D:9)
  2 orc wizards
  A white imp (IceCv)
  4 orcs
  2 kobolds (D:7)
  A quokka (D:4)
  An orc skeleton (D:9)
  An orc zombie (D:9)
166 creatures vanquished.

Vanquished Creatures (others)
  A peacekeeper (Vaults:1)
  A death yak (Lair:5)
  A swamp dragon (Swamp:4)
  A bloated husk (Swamp:1)
  39 hexers
  An ancestor (D:5)
44 creatures vanquished.

Grand Total: 1083 creatures vanquished

Notes
Turn   | Place    | Note
-------+----------+-------------------------------------------
     0 | D:1      | growler the Tengu Air Elementalist began the quest for the
                  | Orb.
     0 | D:1      | Reached XP level 1. HP: 10/10 MP: 4/4
   154 | D:1      | Reached XP level 2. HP: 15/15 MP: 1/6
   187 | D:1      | Learned a level 2 spell: Static Discharge
   393 | D:1      | Found a faded altar of an unknown god.
   482 | D:1      | Reached XP level 3. HP: 19/19 MP: 2/7
   486 | D:1      | Learned a level 3 spell: Swiftness
  1203 | D:2      | Reached XP level 4. HP: 20/24 MP: 0/9
  1398 | D:2      | Reached skill level 5 in Air Magic
  2170 | D:3      | Found a glowing drain.
  2187 | D:3      | HP: 1/24 [river rat (8)]
  2284 | Sewer    | Entered a sewer
  2370 | Sewer    | Noticed a water moccasin
  2377 | Sewer    | Killed a water moccasin
  2378 | Sewer    | Gained mutation: Your magical nature lets you fly swiftly
                  | and evasively. [Tengu growth]
  2378 | Sewer    | Reached XP level 5. HP: 10/28 MP: 1/11
  2617 | D:3      | Found an opulent altar of Gozag.
  2886 | D:3      | Reached XP level 6. HP: 32/32 MP: 6/12
  3008 | D:3      | Found a hazy altar of Hepliaklqana.
  3009 | D:3      | Found a shimmering altar of Xom.
  3010 | D:3      | Noticed a spectral ugly thing
  3014 | D:3      | Became a worshipper of Hepliaklqana the Forgotten
  3069 | D:4      | Reached skill level 6 in Air Magic
  3151 | D:4      | Learned a level 4 spell: Airstrike
  3319 | D:4      | Reached skill level 5 in Conjurations
  3628 | D:4      | Reached XP level 7. HP: 36/36 MP: 8/14
  3798 | D:4      | Noticed Menkaure
  3801 | D:4      | Killed Menkaure
  3802 | D:4      | Reached skill level 7 in Air Magic
  3981 | D:4      | Reached * piety under Hepliaklqana
  4158 | D:4      | Found a staircase to the Ecumenical Temple.
  4706 | D:5      | Entered Level 5 of the Dungeon
  4769 | D:5      | Reached skill level 1 in Fighting
  4924 | D:5      | Found Mofintak's Tremendous Tomes.
  4947 | D:5      | Noticed a wyvern
  4957 | D:5      | Killed a wyvern
  4958 | D:5      | Reached skill level 5 in Spellcasting
  4958 | D:5      | Reached skill level 8 in Air Magic
  4958 | D:5      | Reached XP level 8. HP: 11/39 MP: 0/16
  5292 | D:5      | Noticed Prince Ribbit
  5298 | D:5      | Killed Prince Ribbit
  5387 | D:5      | Found an ancient bone altar of Kikubaaqudgha.
  5387 | D:5      | Found an iron altar of Okawaru.
  5387 | D:5      | Found a snail-covered altar of Cheibriados.
  5388 | D:5      | Found a sacrificial altar of Ru.
  5470 | D:5      | Reached skill level 9 in Air Magic
  5603 | D:6      | Reached ** piety under Hepliaklqana
  5605 | D:6      | Remembered your ancestor Reggie B. as a hexer
  6101 | D:6      | Reached XP level 9. HP: 46/46 MP: 14/19
  6649 | D:7      | Reached *** piety under Hepliaklqana
  6820 | D:7      | Reached skill level 10 in Air Magic
  7023 | D:7      | Reached skill level 5 in Fighting
  7023 | D:7      | Reached skill level 1 in Shields
  7134 | D:7      | Reached skill level 11 in Air Magic
  7738 | D:8      | Noticed a two-headed ogre
  7742 | D:8      | Killed a two-headed ogre
  7743 | D:8      | Reached XP level 10. HP: 54/54 MP: 6/20
  8471 | D:8      | Reached skill level 5 in Shields
  8850 | D:8      | Reached skill level 12 in Air Magic
  9448 | D:9      | Noticed a two-headed ogre
  9456 | D:9      | Killed a two-headed ogre
  9567 | D:9      | Reached **** piety under Hepliaklqana
 10282 | D:9      | Reached skill level 13 in Air Magic
 10381 | D:9      | Noticed Pikel
 10384 | D:9      | Killed Pikel
 10385 | D:9      | Reached XP level 11. HP: 62/62 MP: 8/21
 10784 | D:9      | Found a staircase to the Orcish Mines.
 11329 | D:10     | Entered Level 10 of the Dungeon
 12193 | D:10     | Found a shadowy altar of Dithmenos.
 12193 | D:10     | Found a glowing silver altar of Zin.
 12238 | D:10     | Found a sparkling altar of Nemelex Xobeh.
 12997 | D:10     | Found The Oracle's Delphic Readings.
 13018 | D:10     | Found a glowing golden altar of the Shining One.
 13046 | D:10     | Found Jypos's Antique Weapon Shop.
 13577 | D:11     | Reached ***** piety under Hepliaklqana
 13629 | D:11     | Reached skill level 14 in Air Magic
 13814 | D:11     | Noticed a boulder beetle
 13844 | D:11     | Killed a boulder beetle
 14014 | D:11     | Found a staircase to the Lair.
 14431 | D:11     | Noticed Urug
 14445 | D:11     | Killed Urug
 14446 | D:11     | Reached skill level 10 in Fighting
 14577 | D:11     | Noticed a two-headed ogre
 14582 | D:11     | Killed a two-headed ogre
 14583 | D:11     | Reached XP level 12. HP: 69/69 MP: 1/22
 14843 | D:11     | Reached skill level 15 in Air Magic
 15311 | Lair:1   | Entered Level 1 of the Lair of Beasts
 16656 | Lair:2   | Reached skill level 1 in Short Blades
 16831 | Lair:2   | Found a staircase to the Swamp.
 17257 | Lair:2   | Identified the ring of Jeff {EV+5 Int-5 Dex+3}
 17360 | Lair:2   | Reached skill level 10 in Shields
 17474 | Lair:2   | Reached skill level 16 in Air Magic
 18325 | Lair:3   | Reached XP level 13. HP: 76/76 MP: 10/23
 18883 | Lair:3   | Found a staircase to the Snake Pit.
 19179 | Lair:3   | Reached skill level 5 in Short Blades
 19217 | Lair:3   | Noticed Nessos
 19221 | Lair:3   | Killed Nessos
 20339 | Lair:4   | Reached skill level 17 in Air Magic
 20665 | Lair:4   | Found a frozen archway.
 20707 | IceCv    | Entered an ice cave
 21766 | IceCv    | Found an ancient bone altar of Kikubaaqudgha.
 23640 | IceCv    | Identified the ring of Fygiw {rPois rC- rN+ Str+4 Int+2}
 24115 | Lair:4   | Reached skill level 18 in Air Magic
 24165 | Lair:4   | Reached XP level 14. HP: 84/84 MP: 15/24
 25370 | D:5      | Bought the Handbook of Transmuted Ceraunoscopy for 912 gold
                  | pieces
 25376 | D:5      | Learned a level 5 spell: Arcjolt
 25585 | Lair:5   | Entered Level 5 of the Lair of Beasts
 26012 | Lair:5   | Identified the +10 scimitar of Extermination {flame, rPois}
 26778 | Lair:5   | Found a viscous altar of Jiyva.
 26778 | Lair:5   | Found a staircase to the Slime Pits.
 26785 | Lair:5   | Learned a level 5 spell: Freezing Cloud
 27658 | Lair:5   | Reached skill level 19 in Air Magic
 28188 | Orc:1    | Entered Level 1 of the Orcish Mines
 28188 | Orc:1    | Noticed Josephine
 28194 | Orc:1    | Killed Josephine
 28930 | Orc:1    | Reached ****** piety under Hepliaklqana
 28937 | Orc:1    | Noticed Erolcha
 28945 | Orc:1    | Killed Erolcha
 29137 | Orc:2    | Entered Level 2 of the Orcish Mines
 29137 | Orc:2    | Found Quajaosiys's Antique Armour Emporium.
 29150 | Orc:2    | Noticed Rupert
 29164 | Orc:2    | Killed Rupert
 29463 | Orc:2    | Noticed a walking frostbound tome
 29464 | Orc:2    | Found Nuumm's Book Shoppe.
 29593 | Orc:2    | Noticed a walking frostbound tome
 29680 | Orc:2    | Found a runed translucent gate.
 29680 | Orc:2    | Found a runed translucent gate.
 29680 | Orc:2    | Found a runed translucent gate.
 29699 | Orc:2    | Noticed bronco's ghost (journeyman FoEE)
 29712 | Orc:2    | Found Bulomnog's General Store.
 29780 | Orc:2    | Found Hulepsam's Antique Armour Boutique.
 29813 | Orc:2    | Found Zujoz's Book Emporium.
 29978 | Orc:2    | Bought Maxwell's Memoranda for 608 gold pieces
 29995 | Orc:2    | Learned a level 8 spell: Maxwell's Capacitive Coupling
 29999 | Orc:2    | Reached XP level 15. HP: 90/90 MP: 5/27
 30241 | Orc:2    | Found Zokocw's Antique Weapon Shoppe.
 30270 | Orc:2    | Noticed an orc warlord
 30665 | Orc:2    | Killed an orc warlord
 30940 | Orc:2    | Found Jushewem's General Store.
 31000 | Orc:2    | Found a staircase to the Elven Halls.
 31037 | Orc:2    | Found Houb's Book Boutique.
 31039 | Orc:2    | Found Maziz's Antique Armour Shoppe.
 31373 | Orc:2    | Found an iron altar of Okawaru.
 32145 | D:12     | Reached skill level 10 in Conjurations
 32166 | D:12     | Identified the ring "Vofaan" {rN+ Int+3 Dex+4 SInv}
 32436 | D:12     | Noticed Fannar
 32448 | D:12     | Killed Fannar
 32612 | D:12     | Identified the +4 hand axe "Huereufohi" {flame, rPois
                  | Stlth+}
 34003 | D:13     | You are sucked into a shaft and drop 2 floors!
 34003 | D:15     | Entered Level 15 of the Dungeon
 34733 | D:13     | Reached skill level 20 in Air Magic
 35408 | D:13     | Found a gate to the Vaults.
 35516 | D:13     | Reached skill level 15 in Fighting
 35977 | D:14     | Found Quj Itil's Firing Range.
 36627 | D:14     | Noticed Agnes
 36631 | D:14     | Killed Agnes
 37193 | D:15     | Found a staircase to the Depths.
 37576 | D:15     | Reached XP level 16. HP: 89/97 MP: 15/30
 39022 | Swamp:1  | Entered Level 1 of the Swamp
 39147 | Swamp:1  | Identified the +3 ring mail "Tazxion" {rC++ Str-5}
 39240 | Swamp:1  | Reached skill level 5 in Dodging
 39724 | Swamp:1  | Reached skill level 5 in Stealth
 40039 | Lair:2   | Reached XP level 17. HP: 104/104 MP: 31/31
 40137 | Swamp:1  | Noticed Nikola
 40149 | Swamp:1  | Killed Nikola
 41437 | Swamp:2  | Found a one-way gate to the infinite horrors of the Abyss.
 41437 | Swamp:2  | Noticed turdburglar's ghost (adept DrEE)
 41564 | Swamp:2  | Found a transporter.
 41567 | Swamp:2  | Noticed a hellephant
 41576 | Swamp:2  | Found a transporter.
 41714 | Swamp:2  | Reached skill level 21 in Air Magic
 44081 | Snake:1  | Entered Level 1 of the Snake Pit
 45762 | Snake:1  | Found Uhiaw's Jewellery Shop.
 46095 | Snake:2  | Reached XP level 18. HP: 101/110 MP: 8/32
 48740 | Snake:2  | HP: 5/111 [poisoned by a nagaraja (poison arrow)]
 49024 | Snake:3  | Reached skill level 22 in Air Magic
 49648 | Snake:3  | Noticed Roxanne
 49663 | Snake:3  | Killed Roxanne
 50697 | D:5      | Bought the Spellbook of Flaming Execration for 1152 gold
                  | pieces
 50704 | D:5      | Learned a level 6 spell: Plasma Beam
 51045 | Swamp:4  | Entered Level 4 of the Swamp
 51157 | Swamp:4  | Reached skill level 1 in Fire Magic
 51403 | Swamp:4  | Found a transporter.
 51481 | Swamp:4  | Found a transporter.
 51485 | Swamp:4  | Noticed Buem's ghost (adept OgHs)
 52037 | Swamp:4  | Identified the +4 ring mail of Repulsion {Dex+5 Stlth+}
 52925 | Swamp:4  | Reached skill level 10 in Dodging
 53810 | Swamp:4  | Got a decaying rune of Zot
 54116 | Snake:4  | Entered Level 4 of the Snake Pit
 54236 | Snake:4  | Reached XP level 19. HP: 117/117 MP: 17/33
 54419 | Snake:4  | Found Immiofu's Magic Scroll Boutique.
 54683 | Snake:4  | Reached skill level 5 in Fire Magic
 55422 | Snake:4  | Reached skill level 23 in Air Magic
 56732 | Snake:4  | Found Hittod's Armour Boutique.
 59118 | Snake:4  | Got a serpentine rune of Zot
 59501 | Vaults:1 | Entered Level 1 of the Vaults
 60420 | Vaults:1 | Reached XP level 20. HP: 123/123 MP: 18/34
 61204 | Vaults:1 | Reached skill level 24 in Air Magic
 61266 | Vaults:1 | Killed from afar by a lich

Illustrated notes

Levels and vault maps discovered:
D:1:      minmay_arrival_up_and_down, layout_basic,
          hellmonk_ecumenical_altar_zigzags
D:2:      layout_basic
D:3:      layout_rooms, regret_index_temple_of_mockery,
          overflow_temple_1_default, portal_sewer_entry_e
D:4:      layout_layer_cave, minmay_temple_entry_glassed_door, uniq_menkaure
D:5:      layout_rooms, chequers_temple_overflow_statue_of_worship,
          nicolae_shop_i_like_big_books, uniq_prince_ribbit1
D:6:      layout_loops_cross
D:7:      layout_basic, kennysheep_generic_room_9
D:8:      layout_rooms, serial_co_window_serial, co_window_paths_a,
          co_window_corner_a, co_window_paths_a, co_window_cross_1,
          co_window_paths_a, co_window_broadway_c, co_window_2corner,
          co_window_2corner, co_window_paths_c, co_window_paths_d,
          glass_columns_c, glass_columns_a, glass_columns_c, glass_columns_a
D:9:      layout_roguey, zombieorc1_lemuel, chequers_serial_rivers_marsh,
          uniq_pikel
D:10:     wad_lake_hut, layout_basic, nicolae_overflow_crystal_walls,
          kennysheep_mini, gammafunk_temple_overflow_elements, serial_shops,
          shop, nicolae_nh_oracle_at_delphi
D:11:     layout_loops_ring, due_lair_maze_entry_diamond,
          kennysheep_small_square, uniq_urug
D:12:     layout_loops_ring, minmay_the_grid_square_5x5_3x3_mashed
          [minmay_the_grid_square_5x5_n_small,
          minmay_the_grid_square_5x5_two_small,
          minmay_the_grid_square_5x5_minimal,
          minmay_the_grid_square_5x5_shrine2,
          minmay_the_grid_square_5x5_megaprize_diamond,
          minmay_the_grid_square_5x5_almost_minimal,
          minmay_the_grid_square_5x5_forky,
          minmay_the_grid_square_5x5_six_small,
          minmay_the_grid_square_5x5_comb], uniq_fannar
D:13:     layout_loops_ring, david_vaults_5
D:14:     layout_loops_corners, nicolae_shop_firing_range, uniq_agnes
D:15:     gammafunk_depths_entry_grave, layout_cross,
          chequers_serial_rivers_micro_c
Lair:1:   layout_regular_city, grunt_forest_small_clearing_treed,
          serial_bayou_shore_a
Lair:2:   layout_gridlike, nicolae_swamp_entry_splash_gauntlet
Lair:3:   layout_cave_pods, nicolae_snake_entry_squirm, uniq_nessos
Lair:4:   layout_roguey, portal_ice_cave_rime, st_stairs_8, roderic_carrion_pond
Lair:5:   evilmike_catoblepas_cave, layout_misc_corridors, slime_entry_1
Swamp:1:  layout_basic_swamp, serial_swamp_ruin, evilmike_swamp_ruin_rubble_1,
          evilmike_swamp_ruin_house_5, uniq_nikola
Swamp:2:  layout_basic_swamp, gammafunk_ghost_abyssal_escape,
          nicolae_swamp_treefoil
Swamp:3:  layout_basic_swamp, hangedman_swamp_ruin_wall, swamp_pool4,
          infiniplex_staircase_pool_2
Swamp:4:  swamp_basic_johnstein, layout_basic_swamp,
          gammafunk_ghost_berserking_beasts
Snake:1:  layout_chambers, serial_shops, nicolae_shop_pleasant_corner_grove
Snake:2:  layout_chambers, nicolae_snake_coiling_death, lemuel_fruit_tree
Snake:3:  layout_cave_town, uniq_roxanne
Snake:4:  snake_pit_salamanders_mu, layout_gridlike, minmay_shop_star
Orc:1:    layout_diamond_mine, basic_altar, uniq_josephine, uniq_erolcha
Orc:2:    grunt_orc_gardens, layout_diamond_mine, grunt_orc_garden,
          grunt_orc_garden, grunt_orc_garden, grunt_orc_garden,
          gammafunk_ghost_fury_of_okawaru, serial_shops,
          nicolae_shop_mannequins, shop_statue, nicolae_shop_peninsula,
          nicolae_shop_back_alley_shop, nicolae_shop_tiny_waterfront,
          uniq_rupert
Vaults:1: mu_enter_wizlab_5, nicolae_vaults_inception_scallops,
          nicolae_vaults_ninety_degrees, dpeg_vaults_pockets_of_resistance,
          nicolae_vaults_weapon_check, vaults_dpeg_emergency_exit,
          dpeg_vaults_monster_box, ontoclasm_vaults_gateway,
          layout_vaults_chaotic_city, uniq_donald

Skill      XL: |  1  2  3  4  5  6  7  8  9 10 11 12 13 14 15 16 17 18 19 20 |
---------------+-------------------------------------------------------------+-----
Conjurations   | 2 3 4 5 6 9 11 | 11.0
Air Magic      | 5 6 8 9 11 13 14 16 18 19 20 21 22 23 24 | 24.0
Spellcasting   | 3 4 5 6 7 9 |  9.5
Fighting       | 2 4 6 8 10 11 13 14 15 16 17 18 19 | 19.0
Shields        | 4 6 8 10 | 10.5
Short Blades   | 4 8 |  8.0
Dodging        | 3 5 7 10 12 | 12.6
Stealth        | 3 5 7 9 |  9.0
Fire Magic     | 4 8 |  8.0

Action                     |  1- 3 |  4- 6 |  7- 9 | 10-12 | 13-15 | 16-18 | 19-21 || total
---------------------------+-------+-------+-------+-------+-------+-------+-------++-------
  Melee: Dagger            |    16 |    12 |    20 |   201 |   344 |   101 |   146 ||   840
         Kick              |     3 |     1 |    10 |   108 |   185 |    60 |    79 ||   446
         Peck              |     2 |     2 |     3 |    70 |   118 |    39 |    46 ||   280
         Punch             |       |       |     2 |       |       |       |       ||     2
         Staff             |       |       |       |       |     7 |    23 |     7 ||    37
   Cast: Shock             |    63 |   105 |    82 |    21 |     5 |       |       ||   276
         Static Discharge  |     1 |    13 |    30 |    37 |    27 |     3 |     1 ||   112
         Airstrike         |       |       |    18 |   209 |   446 |   406 |   164 ||  1243
         Arcjolt           |       |       |       |       |    71 |    46 |    21 ||   138
         Swiftness         |       |       |       |       |       |     1 |       ||     1
         Freezing Cloud    |       |       |       |       |       |    14 |    16 ||    30
         Maxwell's Capacit |       |       |       |       |       |    18 |    22 ||    40
         Plasma Beam       |       |       |       |       |       |     3 |    10 ||    13
 Invoke: Ancestor Identity |       |       |     1 |       |       |       |       ||     1
         Recall Ancestor   |       |       |     4 |     3 |     7 |     7 |     1 ||    22
         Ancestor Life: He |       |       |     1 |       |       |       |       ||     1
         Transference      |       |       |       |       |       |       |     1 ||     1
  Evoke: Wand              |       |       |       |     1 |    24 |       |     1 ||    26
    Use: Scroll            |       |     7 |     3 |    11 |     5 |     3 |       ||    29
         Potion            |       |       |       |       |     1 |     1 |     1 ||     3
   Stab: Confused          |       |       |       |    13 |     6 |     3 |    11 ||    33
         Distracted        |       |       |       |     3 |    16 |     3 |     4 ||    26
         Petrifying        |       |       |       |       |     1 |       |       ||     1
         Paralysed         |       |       |       |       |    10 |    11 |    20 ||    41
         Sleeping          |       |       |       |       |     1 |     1 |       ||     2
 Armour: Robe              |     2 |     6 |    14 |    28 |    59 |    31 |    21 ||   161
  Dodge: Dodged            |    15 |    16 |    39 |    53 |   126 |   113 |   114 ||   476
  Block: Kite shield       |       |       |       |   153 |   213 |       |    83 ||   449
         Reflection        |       |       |       |     4 |    28 |    10 |    27 ||    69
         Buckler           |       |       |       |       |    72 |   109 |    49 ||   230
